 Dungeon Crawl Stone Soup version 0.20-a0-1008-g0de3dc5 (webtiles) character file.

1652 Monsterracer the Spear-Bearer (level 9, 0/63 HPs)
             Began as a Merfolk Skald on Apr 14, 2017.
             Was a Believer of Okawaru.
             Shot with an arrow by a centaur (7 damage)
             ... on level 6 of the Dungeon.
             The game lasted 00:34:38 (10128 turns).

Monsterracer the Spear-Bearer (Merfolk Skald)      Turns: 10128, Time: 00:34:39

Health: 0/63       AC:  6    Str: 14    XL:     9   Next: 0%
Magic:  10/10      EV: 13    Int: 15    God:    Okawaru [**....]
Gold:   298        SH:  0    Dex: 13    Spells: 1/12 levels left

rFire    . . .     SeeInvis .   k - +0 halberd
rCold    . . .     Gourm    .   (shield currently unavailable)
rNeg     . . .     Faith    .   b - +0 leather armour
rPois    .         Spirit   .   (no helmet)
rElec    .         Reflect  .   (no cloak)
rCorr    .         Harm     .   (no gloves)
MR       .....                  n - +1 pair of boots
Stlth    +.........             o - amulet of rage
Regen    0.2/turn               (no ring)
MPRegen  0.2/turn               (no ring)

@: no status effects
A: change form in water, swift swim, stealthy swim, rugged brown scales 1, low
mp 1, strong 1
a: Heroism, Renounce Religion, Evoke Berserk Rage


You were on level 6 of the Dungeon.
You worshipped Okawaru.
Okawaru was pleased with you.
You were hungry.

You visited 2 branches of the dungeon, and saw 7 of its levels.

You collected 298 gold pieces.

Inventory:

Hand Weapons
 k - a +0 halberd (weapon)
Armour
 b - a +0 leather armour (worn)
 n - a +1 pair of boots (worn)
Jewellery
 o - an amulet of rage (around neck)
Wands
 f - a wand of flame (3/48)
Scrolls
 e - 3 scrolls of immolation {unknown}
 h - 5 scrolls of remove curse {unknown}
 j - 3 scrolls of fog {unknown}
 l - 7 scrolls of identify {unknown}
Potions
 m - 3 potions of curing
 q - a potion of brilliance
 t - a potion of lignification
Books
 c - a book of Battle

   Spells                             Type                      Level
   a - Infusion                       Charms                       1
   b - Shroud of Golubria             Charms/Translocation         2
   c - Song of Slaying                Charms                       2
   d - Spectral Weapon                Hexes/Charms                 3
   e - Regeneration                   Charms/Necromancy            3
Comestibles
 d - 3 bread rations
 g - a meat ration
 i - a royal jelly


   Skills:
 + Level 2.9 Fighting
 * Level 12.0 Polearms
 - Level 1.0 Armour
 + Level 3.8 Dodging
 + Level 2.0 Spellcasting
 - Level 2.0 Hexes
 - Level 7.0 Charms
 - Level 2.0 Invocations


You had one spell level left.
You knew the following spells:

 Your Spells              Type           Power        Failure   Level  Hunger
a - Infusion              Chrm           ###.         1%          1    #......
b - Song of Slaying       Chrm           ###.....     1%          2    ###....
c - Spectral Weapon       Hex/Chrm       ###.....     14%         3    ###....
d - Shroud of Golubria    Chrm/Tloc      ##........   12%         2    ###....
e - Regeneration          Chrm/Necr      ##........   21%         3    ###....


Dungeon Overview and Level Annotations

Branches:
Dungeon (6/15)             Temple (1/1) D:4

Altars:
Cheibriados
Elyvilon
Fedhas
Hepliaklqana
Kikubaaqudgha
Makhleb
Okawaru
Qazlal
Ru
Sif Muna
Trog
Uskayaw
Vehumet
Wu Jian
Xom
Yredelemnul
Zin
The Shining One

Annotations:
D:5 Lifeless's ghost, amateur DsAK


Innate Abilities, Weirdness & Mutations

You revert to your normal form in water.
You are very nimble and swift while swimming.
You are very stealthy in the water. (Stealth+)
You are partially covered in rugged brown scales. (AC +1, +3% HP)
Your magical capacity is low. (-10% MP)
Your muscles are strong. (Str +2)


Message History

The centaur shoots an arrow.
The arrow closely misses you.
You see here 2 arrows.
There is a stone staircase leading up here.
The centaur shoots an arrow.
The arrow hits you!
The centaur shoots an arrow.
The arrow hits you.
The centaur shoots an arrow.
The arrow closely misses you.
The centaur shoots an arrow.
The arrow barely misses you.
The centaur shoots an arrow.
The arrow hits you!
You see here 2 arrows.
The centaur shoots an arrow.
The arrow hits you!
The centaur shoots an arrow.
The arrow completely misses you.
You see here an arrow.
The centaur shoots an arrow.
The arrow hits you!
The centaur shoots an arrow.
The arrow hits you.
You see here 4 arrows.
The centaur shoots an arrow.
The arrow hits you.
The centaur shoots an arrow.
The arrow hits you!
* * * LOW HITPOINT WARNING * * *
The centaur shoots an arrow.
The arrow hits you!
You die...

#######
###################......
.........................
.########.###########......
............#########......
...........................
............#########......
.....c..((@((..# #......
.........(..##.# #......
........(...##.# ######.
............##.# ##### #.
.?....).....##.# #..[# #.
..........s.##.# #...# #.
.........c..##.# #...# #.
............##.####...####.
.########.####.............


You could see 2 centaurs and a scorpion.

Vanquished Creatures
  Eustachio (D:5)
  2 ice beasts (D:5)
  3 phantoms (D:4)
  4 ogres
  2 howler monkeys
  2 hounds
  2 quasits (D:5)
  2 orc priests (D:4)
  2 orc wizards
  Ijyb (D:5)
  4 worker ants (D:4)
  Natasha (twice) (D:3)
  A killer bee zombie (D:5)
  A hound zombie (D:5)
  A worker ant zombie (D:4)
  A howler monkey zombie (D:5)
  12 adders
  3 gnolls
  4 worms
  2 dart slugs
  3 leopard geckos
  12 orcs
  A ball python (D:1)
  6 bats
  8 giant cockroaches
  11 goblins
  4 hobgoblins
  2 quokkas
  5 frilled lizards
  7 kobolds
  8 rats
119 creatures vanquished.

Vanquished Creatures (others)
  5 spectral weapons
5 creatures vanquished.

Grand Total: 124 creatures vanquished

Notes
Turn   | Place    | Note
-------+----------+-------------------------------------------
     0 | D:1      | Monsterracer the Merfolk Skald began the quest for the Orb.
     0 | D:1      | Reached XP level 1. HP: 16/16 MP: 3/3
    34 | D:1      | Reached skill level 4 in Polearms
    34 | D:1      | Reached XP level 2. HP: 16/22 MP: 5/5
   362 | D:1      | Learned a level 2 spell: Song of Slaying
   756 | D:1      | Reached skill level 5 in Polearms
   756 | D:1      | Reached XP level 3. HP: 18/27 MP: 0/6
   994 | D:2      | Learned a level 3 spell: Spectral Weapon
  1466 | D:2      | Reached skill level 6 in Polearms
  1466 | D:2      | Reached XP level 4. HP: 24/33 MP: 0/7
  2537 | D:3      | Found a hazy altar of Hepliaklqana.
  2648 | D:3      | Noticed Natasha
  2654 | D:3      | Killed Natasha
  2654 | D:3      | Reached skill level 7 in Polearms
  2654 | D:3      | Reached XP level 5. HP: 38/38 MP: 4/8
  2658 | D:3      | Learned a level 2 spell: Shroud of Golubria
  2685 | D:3      | Found a stormy altar of Qazlal.
  2888 | D:3      | Found a deep blue altar of Sif Muna.
  2942 | D:3      | Noticed Natasha
  2957 | D:3      | Killed Natasha
  3250 | D:4      | Found a staircase to the Ecumenical Temple.
  3273 | Temple   | Entered the Ecumenical Temple
  3686 | Temple   | Became a worshipper of Warmaster Okawaru
  3764 | D:4      | Noticed an ogre
  3770 | D:4      | Killed an ogre
  3770 | D:4      | Reached skill level 8 in Polearms
  3770 | D:4      | Reached XP level 6. HP: 44/44 MP: 2/9
  4007 | D:3      | Found an ornate altar of the Wu Jian Council.
  4116 | D:4      | Noticed a phantom
  4274 | D:3      | Reached skill level 9 in Polearms
  4586 | D:3      | Reached XP level 7. HP: 27/50 MP: 4/10
  4735 | D:4      | Reached skill level 5 in Charms
  5266 | D:3      | Reached skill level 10 in Polearms
  5511 | D:4      | Gained mutation: You are partially covered in rugged brown scales. (AC +1, +3% HP) [potion of mutation]
  5511 | D:4      | Gained mutation: Your magical capacity is low. (-10% MP) [potion of mutation]
  5511 | D:4      | Gained mutation: Your muscles are strong. (Str +2) [potion of mutation]
  5605 | D:4      | Reached * piety under Okawaru
  5692 | D:5      | Entered Level 5 of the Dungeon
  5709 | D:5      | Noticed Lifeless's ghost (amateur DsAK)
  6014 | D:5      | Found a radiant altar of Vehumet.
  6028 | D:5      | Reached skill level 11 in Polearms
  6028 | D:5      | Reached XP level 8. HP: 14/57 MP: 2/9
  6303 | D:5      | Noticed Eustachio
  6417 | D:5      | Killed Eustachio
  6445 | D:5      | Reached skill level 1 in Hexes
  7963 | D:4      | Reached ** piety under Okawaru
  7963 | D:4      | Reached skill level 12 in Polearms
  8206 | D:5      | Reached skill level 1 in Armour
  8206 | D:5      | Reached skill level 1 in Invocations
  8667 | D:5      | Noticed Ijyb
  8696 | D:5      | Killed Ijyb
  9681 | D:4      | Learned a level 3 spell: Regeneration
  9901 | D:6      | Reached XP level 9. HP: 63/63 MP: 7/10
  9906 | D:6      | Found a burning altar of Makhleb.
 10128 | D:6      | Shot with an arrow by a centaur

Vault maps used:
D:1:      minmay_arrival_stone_box
D:2:      first_bread, serial_bayou_lagoon_a, kennysheep_another_room
D:3:      lemuel_upstairs_altar, old_standard_altar, overflow_temple_1_default,
          lemuel_coloured_pillars_altar, uniq_natasha
D:4:      minmay_temple_entry_purple_smoke, minmay_misc_feat_plants
D:5:      old_standard_altar, st_stairs_10, uniq_eustachio, uniq_iyjb
D:6:      marbit_many_paths, basic_altar, kennysheep_generic_room_4
Temple:   hc_temple_tempest_star

Skill      XL: |  1  2  3  4  5  6  7  8 |
---------------+-------------------------+-----
Polearms       | 4 5 6 7 8 9 11 12 | 12.0
Charms         | 4 6 7 |  7.0
Hexes          | 2 |  2.0
Armour         | 1 |  1.0
Dodging        | 3 |  3.8
Invocations    | 2 |  2.0
Fighting       | |  2.9
Spellcasting   | |  2.0

Action                   |  1- 3 |  4- 6 |  7- 9 || total
-------------------------+-------+-------+-------++-------
Melee: Spear             |   131 |   219 |   463 ||   813
 Cast: Infusion          |     5 |    14 |    19 ||    38
       Song of Slaying   |       |     1 |     1 ||     2
       Shroud of Golubri |       |     8 |    24 ||    32
       Spectral Weapon   |       |       |    18 ||    18
  Use: Potion            |     4 |     5 |     3 ||    12
       Scroll            |       |       |     5 ||     5
 Stab: Sleeping          |     2 |     2 |       ||     4
       Distracted        |       |       |     3 ||     3
  Eat: Chunk             |     2 |    11 |    15 ||    28
       Fruit             |       |       |     3 ||     3
       Meat ration       |       |       |     1 ||     1
Armor: Leather armour    |    27 |    25 |    62 ||   114
Dodge: Dodged            |    34 |    86 |   173 ||   293
